 Dungeon Crawl Stone Soup version 0.26-a0-852-g6321bf7485 (webtiles) character file.

Game seed: 690066560113554936

21494 tatocazan the Fighter (level 12, -6/113 HPs)
             Began as a Gnoll Wanderer on Nov 21, 2020.
             Was a Priest of Yredelemnul.
             Mangled by an eight-headed hydra (10 damage)
             ... on level 3 of the Lair of Beasts.
             The game lasted 00:37:00 (21333 turns).

tatocazan the Fighter (Gnoll Wanderer)             Turns: 21333, Time: 00:37:02

Health: -6/113     AC: 10    Str: 17    XL:     12   Next: 90%
Magic:  20/23      EV: 18    Int: 18    God:    Yredelemnul [***...]
Gold:   711        SH:  5    Dex: 21    Spells: 26/26 levels left

rFire    . . .     SeeInvis .   H - +5 whip of Division {pain, rN+ Int+5 Dex+2}
rCold    . . .     Faith    .   (no shield)
rNeg     + . .     Spirit   .   r - +0 ring mail
rPois    +         Reflect  +   (no helmet)
rElec    .         Harm     .   q - +1 cloak
rCorr    .         Rampage  .   A - +0 pair of gloves
MR       .....                  (no boots)
Stlth    ++++++....             O - amulet of reflection
HPRegen  0.28/turn              W - ring of Shadows {Umbra +Inv Stlth+}
MPRegen  0.18/turn              p - ring of poison resistance

@: mighty, wreathed by umbra, studying Staves
A: distributed training, fangs 1, robust 1, strong nose
a: Recall Undead Slaves, Injury Mirror, Animate Dead, Renounce Religion, Evoke
Invisibility


You were on level 3 of the Lair of Beasts.
You worshipped Yredelemnul.
Yredelemnul was most pleased with you.
You visited 3 branches of the dungeon, and saw 15 of its levels.

You collected 711 gold pieces.

Inventory:

Hand Weapons
 H - the +5 whip of Division (weapon) {pain, rN+ Int+5 Dex+2}
   (You found it on level 5 of the Dungeon)

   In the hands of one skilled in necromantic magic, it inflicts extra damage on
   living creatures.
   It affects your intelligence (+5).
   It affects your dexterity (+2).
   It protects you from negative energy.
 Y - a +0 quarterstaff of protection
Missiles
 y - 92 poisoned darts
 z - 7 boomerangs (quivered)
 U - 4 javelins
Armour
 q - a +1 cloak (worn)
 r - a +0 ring mail (worn)
 A - a +0 pair of gloves (worn)
Jewellery
 p - a ring of poison resistance (right hand)
 N - an uncursed ring of protection from cold
 O - an amulet of reflection (around neck)
 T - an uncursed ring of see invisible
 W - the ring of Shadows (left hand) {Umbra +Inv Stlth+}
   (You found it on level 8 of the Dungeon)

   [ring of stealth]

   It lets you turn invisible.
   It makes you more stealthy.
 Z - an uncursed ring of resist corrosion
Wands
 v - a wand of random effects (41)
 B - a wand of enslavement (4)
 E - a wand of iceblast (5)
 I - a wand of disintegration (9)
 L - a wand of polymorph (9)
 X - a wand of acid (6)
Scrolls
 d - 2 scrolls of blinking
 i - 5 scrolls of fog
 j - 8 scrolls of enchant weapon
 m - 11 scrolls of identify
 n - 2 scrolls of amnesia
 t - 3 scrolls of noise
 x - 4 scrolls of magic mapping
 F - 8 scrolls of teleportation
 J - a scroll of immolation
 V - 3 scrolls of remove curse
Potions
 b - a potion of might
 c - a potion of lignification
 e - a potion of mutation
 g - 4 potions of brilliance
 k - a potion of degeneration
 l - a potion of haste {unknown}
 o - 2 potions of berserk rage {unknown}
 s - 4 potions of flight
 w - a potion of resistance {unknown}
 C - 2 potions of curing {unknown}
 G - a potion of ambrosia {unknown}
 K - a potion of cancellation {unknown}
 P - 7 potions of attraction {unknown}
Books
 S - a manual of Staves
Miscellaneous
 a - a condenser vane (inert)


   Skills:
 + Level 12.5 Fighting
 + Level 7.7 Short Blades
 + Level 7.7 Long Blades
 + Level 7.7 Axes
 + Level 7.7 Maces & Flails
 + Level 7.7 Polearms
 + Level 10.1 Staves
 + Level 7.7 Slings
 + Level 7.7 Bows
 + Level 7.7 Crossbows
 + Level 8.2 Throwing
 + Level 7.7 Armour
 + Level 9.1 Dodging
 + Level 7.7 Stealth
 + Level 8.2 Shields
 + Level 7.7 Unarmed Combat
 + Level 7.7 Spellcasting
 + Level 6.4 Conjurations
 + Level 6.4 Hexes
 + Level 6.4 Summonings
 + Level 6.4 Necromancy
 + Level 6.4 Translocations
 + Level 6.4 Transmutations
 + Level 6.4 Fire Magic
 + Level 6.4 Ice Magic
 + Level 6.4 Air Magic
 + Level 6.4 Earth Magic
 + Level 6.4 Poison Magic
 + Level 8.4 Invocations
 + Level 7.7 Evocations


You had 26 spell levels left.
You didn't know any spells.
Your spell library was empty.

Dungeon Overview and Level Annotations

Branches:
Dungeon (11/15)            Temple (1/1) D:4            Lair (3/6) D:11
 Spider (0/4) Lair:2          Orc (0/2) D:10
  Swamp: Lair:2-4    Shoals: Lair:2-4

Altars:
Ashenzari
Cheibriados
Dithmenos
Elyvilon
Fedhas
Gozag
Hepliaklqana
Kikubaaqudgha
Makhleb
Nemelex Xobeh
Okawaru
Qazlal
Ru
Sif Muna
Trog
Uskayaw
Vehumet
Wu Jian
Xom
Yredelemnul
Zin
The Shining One

Shops:
D:5 =   D:7 :=[[:

Annotations:
D:9 2 runed translucent doors
Lair:2 exclusion: oklob plant


Innate Abilities, Weirdness & Mutations

Your experience applies equally to all skills.
You have very sharp teeth.
Your uncanny sense of smell can sniff out nearby items.
You are robust. (+10% HP)


Message History

The eight-headed hydra misses you. The eight-headed hydra bites you!
You feel very mighty all of a sudden.
You block the eight-headed hydra's attack.
The eight-headed hydra barely misses you.
The eight-headed hydra bites you but does no damage.
The eight-headed hydra bites you!
* * * LOW HITPOINT WARNING * * *
The eight-headed hydra barely misses you.
The eight-headed hydra bites you!
* * * LOW HITPOINT WARNING * * *
The eight-headed hydra bites you.
* * * LOW HITPOINT WARNING * * *
The eight-headed hydra barely misses you.
Nothing appears to have answered your call.
The eight-headed hydra closely misses you. x2
The eight-headed hydra bites you!
* * * LOW HITPOINT WARNING * * *
The eight-headed hydra misses you. The eight-headed hydra bites you!
You die...
Your body rises from the dead as a mindless zombie.

###..........
........|.h.
#l..........
##...........
#............
#...........
##...D.......
#....@.......
###............
#P.....<.>.....
#..............
...............
...............
.......(.....##
.............#
.............#


You could see an eight-headed hydra, a polar bear (fleeing) and a komodo dragon
(fleeing).

Vanquished Creatures
  A hydra (Lair:2)
  Fannar (D:10)
  A boulder beetle (D:8)
  A centaur warrior (D:8)
  3 two-headed ogres
  4 death yaks (Lair:1)
  2 unseen horrors
  A black mamba (Lair:2)
  Joseph (D:8)
  A centaur zombie (D:10)
  2 rime drakes
  2 komodo dragons
  2 trolls (D:8)
  A hornet (D:11)
  2 humans (D:8)
  A basilisk (Lair:1)
  A wyvern (D:8)
  13 yaks
  Menkaure (D:7)
  Edmund (D:6)
  4 water moccasins
  A hornet zombie (D:7)
  4 ice beasts
  5 orc warriors
  3 sky beasts
  An eye of draining (D:4)
  10 centaurs
  A necrophage (D:9)
  6 ogres
  2 phantoms
  9 wolves
  4 big kobolds
  12 bullfrogs
  A gnoll sergeant (D:10)
  2 scorpions
  A water moccasin skeleton (D:11)
  10 killer bees
  4 wights
  5 howler monkeys (D:9)
  An electric eel (Lair:2)
  2 bullfrog zombies
  4 orc wizards
  5 jellies
  An orc priest (D:6)
  2 centaur skeletons
  4 hounds
  A bullfrog skeleton (D:11)
  Jessica (D:3)
  Ijyb (D:3)
  9 worker ants
  3 iguanas
  A hound skeleton (D:8)
  2 worker ant zombies
  A howler monkey zombie (D:8)
  6 gnolls
  14 adders
  A shadow imp (D:8)
  9 white imps
  2 ufetubi
  2 wolf zombies (Lair:2)
  An ooze (D:7)
  A worm (D:3)
  A dart slug (D:2)
  5 leopard geckos
  22 orcs
  2 giant cockroaches (D:1)
  4 goblins
  8 hobgoblins
  10 jackals
  A komodo dragon zombie (Lair:2)
  7 quokkas
  2 ball pythons
  3 bats
  4 frilled lizards
  21 kobolds
  3 rats
294 creatures vanquished.

Vanquished Creatures (collateral kills)
  A cane toad (Lair:1)
  A troll (D:10)
  4 yaks
  An orc warrior (D:10)
  An ice beast (D:11)
  A big kobold (D:10)
  A gnoll sergeant (D:10)
  A howler monkey (D:9)
  A bullfrog zombie (D:11)
  A hound (D:8)
  An adder (D:11)
  4 white imps (Lair:1)
  2 orcs (D:10)
  2 kobolds (D:8)
22 creatures vanquished.

Vanquished Creatures (others)
  An ogre (D:10)
  3 mummies
  A bullfrog zombie (D:8)
  3 yak zombies
  2 adder zombies (D:11)
  A big kobold zombie (D:8)
  3 centaur zombies
  2 gnoll zombies (D:10)
  A hound zombie (D:10)
  A howler monkey zombie (D:9)
  2 killer bee zombies (D:11)
  3 kobold zombies
  A komodo dragon zombie (Lair:1)
  2 orc zombies (D:10)
  A troll zombie (D:8)
  2 fungi
  8 plants
37 creatures vanquished.

Grand Total: 353 creatures vanquished

Notes
Turn   | Place    | Note
-------+----------+-------------------------------------------
     0 | D:1      | Reached skill level 10 in Fighting
     0 | D:1      | tatocazan the Gnoll Wanderer began the quest for the Orb.
     0 | D:1      | tatocazan set off with the following items: a +2
                  | quarterstaff, a +0 falchion, a potion of lignification, a
                  | +0 robe
     0 | D:1      | Reached XP level 1. HP: 28/28 MP: 1/1
    48 | D:1      | Reached XP level 2. HP: 32/36 MP: 2/2
   535 | D:2      | Found a snail-covered altar of Cheibriados.
   651 | D:2      | Reached XP level 3. HP: 40/42 MP: 3/3
   725 | D:2      | Reached skill level 1 in Invocations
   777 | D:2      | Reached skill level 1 in Short Blades
   777 | D:2      | Reached skill level 1 in Long Blades
   777 | D:2      | Reached skill level 1 in Axes
   777 | D:2      | Reached skill level 1 in Maces & Flails
   777 | D:2      | Reached skill level 1 in Polearms
   777 | D:2      | Reached skill level 1 in Slings
   777 | D:2      | Reached skill level 1 in Bows
   777 | D:2      | Reached skill level 1 in Crossbows
   777 | D:2      | Reached skill level 1 in Armour
   777 | D:2      | Reached skill level 1 in Stealth
   777 | D:2      | Reached skill level 1 in Unarmed Combat
   777 | D:2      | Reached skill level 1 in Spellcasting
   777 | D:2      | Reached skill level 1 in Evocations
   804 | D:2      | Found a sacrificial altar of Ru.
  1009 | D:2      | Reached XP level 4. HP: 48/48 MP: 5/5
  1250 | D:3      | Found a sacrificial altar of Ru.
  1336 | D:3      | Noticed Ijyb
  1357 | D:3      | Killed Ijyb
  1358 | D:3      | Reached skill level 1 in Conjurations
  1358 | D:3      | Reached skill level 1 in Hexes
  1358 | D:3      | Reached skill level 1 in Summonings
  1358 | D:3      | Reached skill level 1 in Necromancy
  1358 | D:3      | Reached skill level 1 in Translocations
  1358 | D:3      | Reached skill level 1 in Transmutations
  1358 | D:3      | Reached skill level 1 in Fire Magic
  1358 | D:3      | Reached skill level 1 in Ice Magic
  1358 | D:3      | Reached skill level 1 in Air Magic
  1358 | D:3      | Reached skill level 1 in Earth Magic
  1358 | D:3      | Reached skill level 1 in Poison Magic
  1421 | D:3      | Noticed Jessica
  1428 | D:3      | Killed Jessica
  1429 | D:3      | Reached XP level 5. HP: 54/54 MP: 5/7
  1567 | D:4      | Noticed a phantom
  1593 | D:4      | Killed a phantom
  1987 | D:4      | Noticed an ogre
  2011 | D:4      | Killed an ogre
  2012 | D:4      | Reached skill level 5 in Dodging
  2012 | D:4      | Reached XP level 6. HP: 53/61 MP: 8/8
  2239 | D:4      | Found a shimmering altar of Xom.
  2240 | D:4      | Found a shadowy altar of Dithmenos.
  2323 | D:4      | Found a staircase to the Ecumenical Temple.
  2499 | Temple   | Entered the Ecumenical Temple
  2558 | Temple   | Became a worshipper of Yredelemnul the Dark
  3273 | D:4      | Found an ancient bone altar of Kikubaaqudgha.
  3391 | D:4      | Found a glowing golden altar of the Shining One.
  3435 | D:4      | Found a glowing silver altar of Zin.
  3436 | D:4      | Found an opulent altar of Gozag.
  3481 | D:4      | Reached XP level 7. HP: 63/67 MP: 10/10
  3571 | D:4      | Found a bloodstained altar of Trog.
  3835 | D:5      | Entered Level 5 of the Dungeon
  4096 | D:5      | Found Vaijayrch's Jewellery Boutique.
  4145 | D:5      | Identified the +5 whip of Division {pain, rN+ Int+5 Dex+2}
                  | (You found it on level 5 of the Dungeon)
  4608 | D:5      | Reached XP level 8. HP: 74/74 MP: 12/12
  4764 | D:6      | Found a hazy altar of Hepliaklqana.
  4774 | D:6      | Noticed Edmund
  4799 | D:6      | Killed Edmund
  5237 | D:6      | Reached * piety under Yredelemnul
  5732 | D:6      | Found a hazy altar of Hepliaklqana.
  5755 | D:7      | Found Ynymn's Jewellery Shop.
  5755 | D:7      | Noticed Menkaure
  5766 | D:7      | Killed Menkaure
  6163 | D:7      | Found Ixtad's Book Emporium.
  6183 | D:7      | Found a stormy altar of Qazlal.
  6226 | D:7      | Found Biqi's Armour Shoppe.
  6299 | D:7      | Reached skill level 11 in Fighting
  6299 | D:7      | Reached XP level 9. HP: 62/81 MP: 14/14
  7230 | D:7      | Found a blossoming altar of Fedhas.
  7334 | D:7      | Found Uruoz's Book Shoppe.
  7405 | D:7      | Found Tuom's Armour Shop.
  7921 | D:8      | Noticed a troll
  7940 | D:8      | Killed a troll
  7941 | D:8      | Reached skill level 5 in Staves
  7941 | D:8      | Reached skill level 5 in Throwing
  7941 | D:8      | Reached skill level 5 in Shields
  7956 | D:8      | Reached skill level 5 in Invocations
  8690 | D:8      | Noticed Joseph
  8700 | D:8      | Killed Joseph
  8729 | D:8      | Reached XP level 10. HP: 28/88 MP: 17/17
  9079 | D:8      | Noticed a boulder beetle
  9106 | D:8      | Killed a boulder beetle
  9107 | D:8      | Reached skill level 5 in Short Blades
  9107 | D:8      | Reached skill level 5 in Long Blades
  9107 | D:8      | Reached skill level 5 in Axes
  9107 | D:8      | Reached skill level 5 in Maces & Flails
  9107 | D:8      | Reached skill level 5 in Polearms
  9107 | D:8      | Reached skill level 5 in Slings
  9107 | D:8      | Reached skill level 5 in Bows
  9107 | D:8      | Reached skill level 5 in Crossbows
  9107 | D:8      | Reached skill level 5 in Armour
  9107 | D:8      | Reached skill level 5 in Stealth
  9107 | D:8      | Reached skill level 5 in Unarmed Combat
  9107 | D:8      | Reached skill level 5 in Spellcasting
  9107 | D:8      | Reached skill level 5 in Evocations
  9160 | D:8      | Found an iron altar of Okawaru.
  9278 | D:8      | Reached ** piety under Yredelemnul
  9504 | D:8      | Noticed a two-headed ogre
  9504 | D:8      | Noticed a centaur warrior
  9510 | D:8      | Killed a centaur warrior
  9513 | D:8      | Killed an unseen horror
  9515 | D:8      | Killed a two-headed ogre
  9516 | D:8      | Reached XP level 11. HP: 64/95 MP: 17/19
  9535 | D:8      | Found the ring of Shadows {Umbra +Inv Stlth+}
  9843 | D:9      | Found a hide-covered altar of Uskayaw.
  9856 | D:9      | Noticed a two-headed ogre
  9867 | D:9      | Killed a two-headed ogre
  9868 | D:9      | Reached skill level 5 in Conjurations
  9868 | D:9      | Reached skill level 5 in Hexes
  9868 | D:9      | Reached skill level 5 in Summonings
  9868 | D:9      | Reached skill level 5 in Necromancy
  9868 | D:9      | Reached skill level 5 in Translocations
  9868 | D:9      | Reached skill level 5 in Transmutations
  9868 | D:9      | Reached skill level 5 in Fire Magic
  9868 | D:9      | Reached skill level 5 in Ice Magic
  9868 | D:9      | Reached skill level 5 in Air Magic
  9868 | D:9      | Reached skill level 5 in Earth Magic
  9868 | D:9      | Reached skill level 5 in Poison Magic
 10107 | D:9      | Noticed a two-headed ogre
 10116 | D:9      | Killed a two-headed ogre
 10699 | D:9      | Found a runed translucent door.
 10705 | D:9      | Found a runed translucent door.
 11451 | D:10     | Entered Level 10 of the Dungeon
 11567 | D:10     | Reached *** piety under Yredelemnul
 12141 | D:10     | Reached skill level 12 in Fighting
 12843 | D:10     | Found a staircase to the Orcish Mines.
 13054 | D:10     | Noticed Fannar
 13101 | D:10     | Killed Fannar
 13890 | D:11     | Reached XP level 12. HP: 77/102 MP: 18/22
 13919 | D:11     | Received a gift from Yredelemnul (a mummy)
 14032 | D:11     | Reached **** piety under Yredelemnul
 14454 | D:11     | Found a staircase to the Lair.
 14600 | Lair:1   | Entered Level 1 of the Lair of Beasts
 14875 | Lair:1   | Noticed a death yak
 14875 | Lair:1   | Noticed a death yak
 14876 | Lair:1   | Noticed a death yak
 14879 | Lair:1   | Noticed a death yak
 15203 | Lair:1   | Gained mutation: You tend to lose your temper in combat.
                  | [potion of mutation]
 15203 | Lair:1   | Gained mutation: Your mind is acute. (Int +2) [potion of
                  | mutation]
 15222 | Lair:1   | Killed a death yak
 15226 | Lair:1   | Killed a death yak
 15230 | Lair:1   | Killed a death yak
 15240 | Lair:1   | Killed a death yak
 15912 | Lair:1   | Lost mutation: Your mind is acute. (Int +2) [potion of
                  | mutation]
 15912 | Lair:1   | Lost mutation: You tend to lose your temper in combat.
                  | [potion of mutation]
 15912 | Lair:1   | Gained mutation: Scrolls take you a little longer to read.
                  | [potion of mutation]
 15912 | Lair:1   | Gained mutation: You are robust. (+10% HP) [potion of
                  | mutation]
 15912 | Lair:1   | Lost mutation: Scrolls take you a little longer to read.
                  | [potion of mutation]
 15971 | Lair:1   | Received a gift from Yredelemnul (a mummy)
 16892 | Lair:1   | Received a gift from Yredelemnul (a mummy)
 17981 | Lair:2   | Noticed an eight-headed hydra
 17991 | Lair:2   | Killed an eight-headed hydra
 17996 | Lair:2   | HP: 3/113 [wolf (5)]
 19447 | Lair:2   | Found a hole to the Spider Nest.
 19961 | Lair:2   | Reached skill level 10 in Staves
 21317 | Lair:3   | Noticed an eight-headed hydra
 21333 | Lair:3   | HP: 4/113 [eight-headed hydra (12)]
 21333 | Lair:3   | Mangled by an eight-headed hydra

Illustrated notes

Levels and vault maps discovered:
D:1:      dpeg_arrival_short_road, layout_basic, item_on_display_a
D:2:      minmay_evil_eye, layout_basic, kennysheep_slug_shrine,
          minmay_misc_feat_iff, nicolae_ru_the_path_less_chosen
D:3:      layout_rooms, old_standard_altar, uniq_ijyb, uniq_jessica
D:4:      layout_basic, grunt_temple_overflow_gold_and_silver,
          grunt_temple_overflow_open, trog_eyes_of_draining,
          minmay_temple_entry_mist, dk_noncrumbling_2
D:5:      layout_loops_ring, serial_shops, shop, minmay_curled_crystal
D:6:      layout_rooms, nicolae_overflow_hidden_temple, basic_altar, uniq_edmund
D:7:      layout_rooms, grunt_temple_overflow_forces_of_nature, serial_shops,
          shop, nicolae_shop_crystal, shop, shop, shop, grunt_ministairs_9,
          grunt_decor_junction, uniq_menkaure
D:8:      minmay_the_grid_triangle_9x9_rhombus_full
          [minmay_the_grid_triangle_9x9_intruding_spiral,
          minmay_the_grid_triangle_9x9_zippers_vertical,
          minmay_the_grid_triangle_9x9_windchime,
          minmay_the_grid_triangle_9x9_flanged_cone,
          minmay_the_grid_triangle_9x9_checkered,
          minmay_the_grid_triangle_9x9_odd_lines,
          minmay_the_grid_triangle_9x9_pentomino_pain,
          minmay_the_grid_triangle_9x9_prize_center], layout_rooms,
          okawaru_humans, uniq_joseph
D:9:      lemuel_insect_pit, layout_irregular_city, basic_altar
D:10:     layout_rooms, kennysheep_orc_monster_closet_entryway,
          nicolae_benzene_ring, grunt_ministairs_13, uniq_fannar
D:11:     layout_long_grid, lair_entry_dummy, gammafunk_ghost_arena,
          hangedman_ranch [blue_anna_fruit_fields]
Temple:   dpeg_chambers_temple
Lair:1:   layout_layer_cave, portal_ice_cave_entry_imps
Lair:2:   layout_regular_city, spider_nest_entry_web_field,
          minmay_lair_oklob_bushes, serial_bayou_pond_c, serial_bayou_pond_e,
          serial_bayou_shore_b
Lair:3:   layout_cave_pods, basic_altar, minivault_23,
          minmay_lair_oklob_chamber, uniq_gastronok

Skill      XL: |  1  2  3  4  5  6  7  8  9 10 11 12 |
---------------+-------------------------------------+-----
Fighting       | 11 12 | 12.5
Invocations    | 1 2 3 4 5 6 7 8 |  8.4
Short Blades   | 1 2 3 4 5 6 7 |  7.7
Long Blades    | 1 2 3 4 5 6 7 |  7.7
Axes           | 1 2 3 4 5 6 7 |  7.7
Maces & Flails | 1 2 3 4 5 6 7 |  7.7
Polearms       | 1 2 3 4 5 6 7 |  7.7
Slings         | 1 2 3 4 5 6 7 |  7.7
Bows           | 1 2 3 4 5 6 7 |  7.7
Crossbows      | 1 2 3 4 5 6 7 |  7.7
Armour         | 1 2 3 4 5 6 7 |  7.7
Stealth        | 1 2 3 4 5 6 7 |  7.7
Unarmed Combat | 1 2 3 4 5 6 7 |  7.7
Spellcasting   | 1 2 3 4 5 6 7 |  7.7
Evocations     | 1 2 3 4 5 6 7 |  7.7
Conjurations   | 1 2 3 4 5 6 |  6.4
Hexes          | 1 2 3 4 5 6 |  6.4
Summonings     | 1 2 3 4 5 6 |  6.4
Necromancy     | 1 2 3 4 5 6 |  6.4
Translocations | 1 2 3 4 5 6 |  6.4
Transmutations | 1 2 3 4 5 6 |  6.4
Fire Magic     | 1 2 3 4 5 6 |  6.4
Ice Magic      | 1 2 3 4 5 6 |  6.4
Air Magic      | 1 2 3 4 5 6 |  6.4
Earth Magic    | 1 2 3 4 5 6 |  6.4
Poison Magic   | 1 2 3 4 5 6 |  6.4
Staves         | 3 4 5 7 8 10 | 10.1
Throwing       | 3 4 5 6 7 8 |  8.2
Shields        | 3 4 5 6 7 8 |  8.2
Dodging        | 5 6 7 8 9 |  9.1

Action                   |  1- 3 |  4- 6 |  7- 9 | 10-12 || total
-------------------------+-------+-------+-------+-------++-------
Melee: Quarterstaff      |    72 |   119 |    32 |       ||   223
       Bite              |     3 |    16 |    36 |   135 ||   190
       Whip              |       |       |   279 |   756 ||  1035
       Punch             |       |       |     5 |    35 ||    40
Throw: Dart              |       |     4 |     7 |     6 ||    17
       Boomerang         |       |       |       |    15 ||    15
Invok: Animate Remains   |       |       |     4 |    10 ||    14
       Animate Dead      |       |       |       |    18 ||    18
       Recall Undead Sla |       |       |       |    10 ||    10
       Stop Recall       |       |       |       |     1 ||     1
 Abil: Evoke Invisibilit |       |       |       |     3 ||     3
Evoke: Wand              |       |       |     5 |    21 ||    26
       Condenser vane    |       |       |       |     2 ||     2
  Use: Scroll            |     1 |       |     1 |    18 ||    20
       Potion            |       |     1 |     2 |    13 ||    16
 Stab: Sleeping          |     1 |     1 |     6 |    25 ||    33
       Invisible         |       |       |       |    16 ||    16
       Distracted        |       |       |       |     2 ||     2
Armor: Robe              |     2 |       |       |       ||     2
       Ring mail         |    12 |    28 |    96 |   132 ||   268
       Skin              |       |       |    17 |       ||    17
Dodge: Dodged            |    89 |   112 |   388 |   728 ||  1317
Block: Other             |       |       |       |   187 ||   187
       Reflection        |       |       |       |     4 ||     4

Table legend: (Time is in decaauts)
 A = Elapsed time spent in this place.
 B = Non-inter-level travel time spent in this place.
 C = Inter-level travel time spent in this place.
 D = Time resting spent in this place.
 E = Time spent auto-exploring this place.
 F = Levels seen in this place.
 G = Mean time per level.
                   A        B        C        D        E       F      G
               +--------+--------+--------+--------+--------+-----+--------+
         Total |  21174 |  20953 |    221 |  11184 |   7375 |  15 | 1411.6 |
       Dungeon |  14267 |  14116 |    151 |   6731 |   5462 |  11 | 1297.0 |
        Temple |    248 |    228 |     20 |      0 |    223 |   1 |  248.0 |
          Lair |   6658 |   6608 |     50 |   4452 |   1689 |   3 | 2219.3 |
               +--------+--------+--------+--------+--------+-----+--------+

Top non-repeatable levels by time:
  Lair:1: 4159 daAuts
    D:10: 2670 daAuts
  Lair:2: 2485 daAuts
     D:8: 2385 daAuts
     D:4: 2041 daAuts
     D:9: 1582 daAuts
     D:6: 1371 daAuts
     D:7: 1316 daAuts
     D:5: 896 daAuts
     D:2: 568 daAuts
     D:1: 529 daAuts
     D:3: 479 daAuts
    D:11: 426 daAuts
  Temple: 248 daAuts
  Lair:3: 14 daAuts
